 Dungeon Crawl Stone Soup version 0.29-a0-925-g0a7a3d12f8 (webtiles) character file.

Game seed: 10237758890533962001

28294 pokeman the Eclecticist (level 13, -1/74 HPs)
             Began as a Deep Elf Hedge Wizard on July 28, 2022.
             Was a High Priest of Vehumet.
             Shot with an arrow by a deep elf archer (11 damage)
             ... on level 13 of the Dungeon on July 29, 2022.
             The game lasted 00:58:42 (16366 turns).

pokeman the Eclecticist (Deep Elf Hedge Wizard)    Turns: 16366, Time: 00:58:43

Health: -1/74      AC: 12    Str:  7    XL:     13   Next: 9%
Magic:  35/37      EV: 12    Int: 29    God:    Vehumet [*****.]
Gold:   1001       SH:  5    Dex: 14    Spells: 34/48 levels left

rFire   + + .      SeeInvis +   r - +3 sling "Yzxoythait" {freeze, rN+ Int+4}
rCold   x x .      Faith    .   b - orb {mayhem}
rNeg    + . .      Spirit   .   H - +3 salamander hide armour {Flames rF++ rC--}
rPois   .          Reflect  +   E - +2 helmet
rElec   .          Harm     .   (no cloak)
rCorr   .          Rampage  .   j - +1 pair of gloves
Will    +....                   (no boots)
Stlth   ++........              O - amulet of reflection
HPRegen 0.22/turn               f - ring of flight
MPRegen 0.25/turn               Y - ring of see invisible

@: flying
A: no striking features
a: Renounce Religion


You were on level 13 of the Dungeon.
You worshipped Vehumet.
Vehumet was extremely pleased with you.
You visited 2 branches of the dungeon, and saw 14 of its levels.
You also visited: Ossuary and Ice Cave.

You collected 1410 gold pieces.
You spent 409 gold pieces at shops.

Inventory:

Hand Weapons
 r - the +3 sling "Yzxoythait" (weapon) {freeze, rN+ Int+4}
   (You took it off a goblin on level 3 of the Dungeon)

   Any ammunition fired from it freezes those it strikes, dealing additional
   cold damage.
   It can also slow down cold-blooded creatures.
   Int:       It affects your intelligence (+4).
   rN:        It protects you from negative energy.
 C - a +2 broad axe of venom
 U - a +2 longbow of freezing
Missiles
 M - a throwing net
Armour
 b - an orb of mayhem (worn)
 j - a +1 pair of gloves (worn)
 B - a +2 kite shield of cold resistance
 E - a +2 helmet (worn)
 F - +0 acid dragon scales
 H - the +3 salamander hide armour (worn) {Flames rF++ rC--}
   (You bought it in a shop on level 5 of the Dungeon)

   It surrounds you with a cloud of flames.
   It grants immunity to clouds of flame.
   It enhances your fire magic.
   rF:        It greatly protects you from fire.
   rC:        It makes you very vulnerable to cold.
 J - the +1 robe of Vines {NoPotionHeal Regen++++}
   (You found it on level 7 of the Dungeon)

   Its wearer cannot be healed by potions.
   Regen:     It increases your rate of health regeneration.
 T - a scarf of resistance
Magical Staves
 N - a staff of death
Jewellery
 f - a ring of flight (left hand)
 A - a ring of fire
 L - an amulet of guardian spirit
 O - an amulet of reflection (around neck)
 W - an amulet of magic regeneration
 Y - a ring of see invisible (right hand)
Wands
 c - a wand of flame (9)
 u - a wand of iceblast (12)
 z - a wand of digging (5)
 V - a wand of mindburst (10)
Scrolls
 e - 3 scrolls of vulnerability
 g - 6 scrolls of blinking
 l - 6 scrolls of teleportation
 m - 12 scrolls of identify
 n - 3 scrolls of enchant armour
 o - 5 scrolls of enchant weapon
 p - 3 scrolls of poison
 x - a scroll of torment
 y - 2 scrolls of amnesia
 D - 3 scrolls of butterflies
 Q - a scroll of fear
 X - a scroll of brand weapon {unknown}
Potions
 a - 2 potions of mutation {unknown}
 d - a potion of magic
 h - 2 potions of flight {unknown}
 i - a potion of lignification {unknown}
 k - 8 potions of curing
 q - 3 potions of might {unknown}
 s - 3 potions of brilliance {unknown}
 t - 4 potions of attraction {unknown}
 v - 3 potions of heal wounds {unknown}
 w - 2 potions of resistance
 G - 2 potions of haste {unknown}
 I - 3 potions of degeneration {unknown}
 K - 2 potions of berserk rage {unknown}
 P - a potion of invisibility
 R - a potion of cancellation {unknown}
Miscellaneous
 S - a condenser vane


   Skills:
 - Level 6.0 Fighting
 - Level 5.0 Armour
 - Level 3.0 Dodging
 - Level 3.0 Stealth
 + Level 1.9 Shields
 * Level 18.4 Spellcasting
 + Level 11.0 Conjurations
 - Level 1.1 Summonings
 - Level 1.0 Necromancy
 - Level 1.1 Translocations
 + Level 10.7 Fire Magic
 - Level 1.0 Air Magic
 - Level 1.1 Poison Magic
 - Level 1.0 Evocations


You had 34 spell levels left.
You knew the following spells:

 Your Spells              Type           Power      Damage    Failure   Level
a - Magic Dart            Conj           100%       1d8       0%          1
b - Mephitic Cloud        Conj/Pois/Air  51%        N/A       1%          3
c - Call Imp              Summ           33%        N/A       2%          2
d - Blink                 Tloc           66%        N/A       2%          2
e - Conjure Flame         Conj/Fire      94%        6-21      1%          3
f - Swiftness             Air            33%        N/A       4%          3

Your spell library contained the following spells:

 Spells                   Type           Power      Damage    Failure   Level
 Lee's Rapid Deconstruct  Erth           13%        3d10*     16%         5
 Slow                     Hex            100%       N/A       2%          1
 Ensorcelled Hibernation  Hex/Ice        52%        N/A       3%          2
 Passwall                 Tmut/Erth      21%        N/A       3%          2
 Gell's Gravitas          Tloc           33%        N/A       4%          3
 Lesser Beckoning         Tloc           33%        N/A       4%          3
 Teleport Other           Tloc           33%        N/A       4%          3
 Vampiric Draining        Necr           32%        2d8       4%          3
 Confusing Touch          Hex            26%        N/A       7%          3
 Ozocubu's Armour         Ice            26%        N/A       7%          3
 Manifold Assault         Tloc           33%        N/A       36%         5
 Ozocubu's Refrigeration  Ice            13%        4d7       98%         7
 Storm Form               Tmut/Air       14%        N/A       100%        7


Dungeon Overview and Level Annotations

Branches:
Dungeon (13/15)            Temple (1/1) D:5            Lair (0/5) D:10
    Orc (0/2) D:12        Ossuary (visited)           IceCv (visited)
 Vaults: D:13-14

Altars:
Ashenzari
Cheibriados
Dithmenos
Elyvilon
Fedhas
Gozag
Hepliaklqana
Kikubaaqudgha
Makhleb
Nemelex Xobeh
Okawaru
Qazlal
Ru
Sif Muna
Trog
Uskayaw
Vehumet
Wu Jian
Xom
Yredelemnul
Zin
The Shining One

Shops:
D:5 [=*


Message History

You see here the +3 ring mail of Hubris {Fly rCorr Str+2 Stlth+}.
Found a stone staircase leading down.
An orc priest comes into view. It is wielding a +0 hand axe.
The orc priest shouts!
You hear two shouts!
You hear a shout!
The orc priest calls down the wrath of Beogh upon you.
Beogh smites you!
A deep elf archer comes into view. It is wielding a +0 dagger.
The orc priest is engulfed in blazing flames.
The orc priest closely misses you.
The orc priest is engulfed in blazing flames.
You kill the orc priest!
Vehumet accepts your kill.
Casting: Mephitic Cloud (safe; 1% risk of failure)
Confirm with . or Enter, or press ? or * to list all spells.
Aiming: Mephitic Cloud (safe; 1% risk of failure)
Press: ? - help, Shift-Dir - straight line The ball explodes into a vile cloud!
The stinking cloud engulfs the deep elf archer but does no damage.
The deep elf archer shouts!
You hear a shout! x2; You hear two shouts! x2
The deep elf archer unwields a +0 dagger.
The deep elf archer wields a +0 shortbow.
The deep elf archer shoots an arrow.
The arrow hits you.
Unknown command.
A two-headed ogre comes into view.
It is wielding a +0 giant club and a +0 giant spiked club.
The deep elf archer shoots an arrow.
The arrow hits you!
You hear a shout!
The two-headed ogre is engulfed in noxious fumes.
The deep elf archer is engulfed in noxious fumes.
The deep elf archer shoots an arrow.
The arrow hits you!
You hear a shout!
The two-headed ogre is engulfed in noxious fumes.
The two-headed ogre appears confused.
The deep elf archer is engulfed in noxious fumes.
The deep elf archer shoots an arrow.
The arrow hits you!!
* * * LOW HITPOINT WARNING * * *
Unknown command.
The two-headed ogre is engulfed in noxious fumes.
The deep elf archer is engulfed in noxious fumes.
The deep elf archer shoots an arrow.
The arrow hits you!
You die...

....#.......................##..#
####.........<.####.# #........
#.###.........(..# #.#.##... #.#
#######.##########.#...... #.#
#.# #.>..(#<.#... ..#
#.######.###........ ###
#..○.○...# #.#..##.>
#.§○○°##.###.#..##..
#.§@○.##.....#..##..
#.☼§§○..........##..
####°.#########.##.. #..# #.##..
#.O# ###..... #°○# #....#.. .#eO#
##.J.#.. ☼..... #..#####
.#..#.#####....#..


You could see a two-headed ogre (confused), a deep elf archer (repels missiles)
and an ogre.

Vanquished Creatures
  A frost giant (IceCv)
  3 hydras
  A centaur warrior (D:13)
  3 two-headed ogres
  6 death yaks (IceCv)
  Lodul (D:12)
  A deep elf pyromancer (D:11)
  A manticore (D:13)
  A cyclops (D:13)
  An ice statue (IceCv)
  Maggie (D:6)
  An ice devil (D:12)
  5 rime drakes (IceCv)
  4 polar bears (IceCv)
  6 trolls
  9 slime creatures
  A wraith (D:12)
  4 wyverns (D:10)
  20 yaks
  2 basilisks (D:10)
  4 acid dragons
  2 water moccasins (D:10)
  A sky beast (D:5)
  4 black bears
  10 orc warriors
  3 ice beasts
  10 ogres
  8 centaurs
  6 wolves
  A phantom (D:4)
  The ghost of zeratav the Stinger, an amateur OpVM (D:4)
  A kobold brigand (D:8)
  2 necrophages
  2 bullfrogs
  2 gnoll sergeants
  3 scorpions
  4 water moccasin zombies (Ossuary)
  4 wights (D:7)
  8 killer bees
  6 howler monkeys
  3 jellies
  3 gnoll boudas
  8 orc priests
  4 hounds
  5 iguanas
  16 orc wizards
  A centaur simulacrum (D:4)
  2 scorpion simulacra (D:4)
  2 mummies (Ossuary)
  14 gnolls
  9 adders
  A hound simulacrum (D:4)
  A shadow imp (D:6)
  A white imp (D:4)
  An ufetubus (D:5)
  7 adder zombies (Ossuary)
  A worm (D:4)
  4 dart slugs
  An adder simulacrum (D:4)
  38 orcs
  3 bats
  6 endoplasms
  4 giant cockroaches
  A gnoll zombie (Ossuary)
  4 hobgoblins
  3 jackals (D:5)
  10 kobolds
  2 quokkas (D:4)
  7 ball pythons
  4 frilled lizards
  8 goblins
  4 hobgoblin zombies (Ossuary)
  5 kobold zombies (Ossuary)
  3 orc zombies (Ossuary)
  A quokka simulacrum (D:4)
  4 rats
345 creatures vanquished.

Vanquished Creatures (collateral kills)
  A rime drake (IceCv)
  An ice devil (D:12)
  3 yaks
  2 orc warriors
  2 ogres (D:12)
  A wolf (D:10)
  A centaur (D:13)
  A gnoll sergeant (D:12)
  A hound (D:6)
  An orc wizard (D:7)
  4 gnolls
  2 orcs (D:9)
  3 kobolds (D:8)
23 creatures vanquished.

Vanquished Creatures (others)
  3 slime creatures (D:13)
  An ogre (D:12)
  An orc wizard (D:13)
  2 orcs
  9 fungi (D:10)
  26 plants
42 creatures vanquished.

Grand Total: 410 creatures vanquished

Notes
Turn   | Place    | Note
-------+----------+-------------------------------------------
     0 | D:1      | pokeman the Deep Elf Hedge Wizard began the quest for the
                  | Orb.
     0 | D:1      | Reached XP level 1. HP: 10/10 MP: 7/7
   148 | D:1      | Reached XP level 2. HP: 16/16 MP: 1/9
   568 | D:1      | Reached skill level 5 in Spellcasting
   713 | D:1      | Reached XP level 3. HP: 20/20 MP: 9/11
  1746 | D:3      | Reached skill level 1 in Fighting
  1746 | D:3      | Reached skill level 1 in Armour
  2037 | D:3      | Identified the +3 sling "Yzxoythait" {freeze, rN+ Int+4}
  2138 | D:3      | Found a sacrificial altar of Ru.
  2138 | D:3      | Found a stormy altar of Qazlal.
  2259 | D:3      | Reached XP level 4. HP: 25/25 MP: 13/13
  2266 | D:3      | Found a faded altar of an unknown god.
  2271 | D:3      | Learned a level 3 spell: Mephitic Cloud
  2274 | D:3      | Learned a level 2 spell: Call Imp
  2277 | D:3      | Learned a level 2 spell: Blink
  2281 | D:3      | Learned a level 3 spell: Conjure Flame
  2585 | D:3      | Found a burning altar of Makhleb.
  2641 | D:4      | Found a runed translucent gate.
  2641 | D:4      | Found a runed translucent gate.
  2641 | D:4      | Found a runed translucent gate.
  2701 | D:4      | Reached skill level 6 in Spellcasting
  2705 | D:4      | Reached XP level 5. HP: 29/29 MP: 9/15
  2718 | D:4      | Found a sand-covered staircase.
  2726 | Ossuary  | Entered an ossuary
  2772 | Ossuary  | Reached skill level 1 in Poison Magic
  2883 | Ossuary  | Reached skill level 1 in Fire Magic
  2886 | Ossuary  | Reached XP level 6. HP: 25/34 MP: 10/17
  2890 | Ossuary  | Reached skill level 1 in Air Magic
  2892 | Ossuary  | Reached skill level 7 in Spellcasting
  3584 | D:4      | Noticed zeratav's ghost (amateur OpVM)
  3584 | D:4      | Noticed an ice beast
  3639 | D:4      | Reached XP level 7. HP: 39/39 MP: 17/20
  4175 | D:4      | Found a hazy altar of Hepliaklqana.
  4544 | D:4      | Reached skill level 8 in Spellcasting
  4590 | D:4      | Killed zeratav's ghost
  4826 | D:4      | Reached skill level 1 in Evocations
  5126 | D:5      | Entered Level 5 of the Dungeon
  5253 | D:4      | Reached XP level 8. HP: 11/44 MP: 10/22
  5498 | D:4      | Reached skill level 9 in Spellcasting
  5600 | D:5      | Found Izik's Armour Shoppe.
  5843 | D:5      | Reached skill level 5 in Conjurations
  5872 | D:5      | Found Qeqeach's Jewellery Emporium.
  5894 | D:5      | Found Luum Qicigh's General Store.
  5900 | D:5      | Bought a potion of curing for 30 gold pieces
  6048 | D:5      | Found a staircase to the Ecumenical Temple.
  6053 | Temple   | Entered the Ecumenical Temple
  6061 | Temple   | Became a worshipper of Vehumet
  6330 | D:5      | Reached skill level 10 in Spellcasting
  6752 | D:6      | Noticed Maggie
  6773 | D:6      | Killed Maggie
  6774 | D:6      | Reached skill level 5 in Fire Magic
  6774 | D:6      | Reached XP level 9. HP: 45/48 MP: 8/25
  7002 | D:6      | Reached skill level 11 in Spellcasting
  7605 | D:7      | Found an opulent altar of Gozag.
  7711 | D:5      | Bought the +3 salamander hide armour {Flames rF++ rC--} for
                  | 379 gold pieces
  7711 | D:5      | Found the +3 salamander hide armour {Flames rF++ rC--}
  7920 | D:7      | Noticed a troll
  7933 | D:7      | Killed a troll
  7935 | D:7      | Reached * piety under Vehumet
  7935 | D:7      | Offered knowledge of Shock by Vehumet.
  7939 | D:7      | Noticed a troll
  7941 | D:7      | Noticed an eight-headed hydra
  8014 | D:7      | Killed an eight-headed hydra
  8015 | D:7      | Reached skill level 12 in Spellcasting
  8031 | D:7      | Killed a troll
  8032 | D:7      | Reached XP level 10. HP: 23/56 MP: 14/28
  8300 | D:7      | Found the +1 robe of Vines {NoPotionHeal Regen++++}
  8996 | D:8      | Found a basalt altar of Yredelemnul.
  9119 | D:8      | Reached skill level 13 in Spellcasting
  9169 | D:8      | Found a hide-covered altar of Uskayaw.
  9734 | D:9      | Offered knowledge of Searing Ray by Vehumet.
  9781 | D:9      | Identified the +1 leather armour of Incorporation {rCorr
                  | Stlth+}
  9894 | D:9      | Reached ** piety under Vehumet
 10034 | D:9      | Learned a level 3 spell: Swiftness
 10186 | D:9      | Found a blossoming altar of Fedhas.
 10232 | D:9      | Found a shadowy altar of Dithmenos.
 10485 | D:9      | Reached skill level 14 in Spellcasting
 10486 | D:9      | Reached skill level 1 in Necromancy
 10598 | D:10     | Entered Level 10 of the Dungeon
 10689 | D:10     | Found an iron altar of Okawaru.
 10754 | D:10     | Noticed a two-headed ogre
 10768 | D:10     | Killed a two-headed ogre
 10957 | D:10     | Reached XP level 11. HP: 55/61 MP: 27/31
 11016 | D:10     | Offered knowledge of Static Discharge by Vehumet.
 11046 | D:10     | Found a staircase to the Lair.
 11830 | D:11     | Noticed a two-headed ogre
 11841 | D:11     | Killed a two-headed ogre
 11842 | D:11     | Reached skill level 15 in Spellcasting
 11986 | D:11     | Reached *** piety under Vehumet
 12433 | D:11     | Noticed a seven-headed hydra
 12444 | D:11     | Killed a seven-headed hydra
 12445 | D:11     | Reached skill level 5 in Armour
 12796 | D:11     | Noticed a deep elf pyromancer
 12806 | D:11     | Killed a deep elf pyromancer
 13116 | D:12     | Noticed a five-headed hydra
 13132 | D:12     | Offered knowledge of Frozen Ramparts by Vehumet.
 13140 | D:12     | Noticed Lodul
 13145 | D:12     | Found a frozen archway.
 13148 | D:12     | Killed Lodul
 13155 | D:12     | Reached skill level 16 in Spellcasting
 13253 | IceCv    | Entered an ice cave
 13317 | IceCv    | Reached **** piety under Vehumet
 13321 | IceCv    | Reached XP level 12. HP: 29/68 MP: 34/34
 13604 | IceCv    | Noticed a death yak
 13623 | IceCv    | Killed a death yak
 13624 | IceCv    | Reached skill level 5 in Fighting
 13751 | IceCv    | Noticed a death yak
 13751 | IceCv    | Noticed a frost giant
 13861 | IceCv    | Killed a death yak
 13868 | IceCv    | Offered knowledge of Irradiate by Vehumet.
 13873 | IceCv    | Reached skill level 10 in Conjurations
 13877 | IceCv    | Killed a frost giant
 14003 | IceCv    | Reached skill level 17 in Spellcasting
 14064 | IceCv    | Noticed a death yak
 14064 | IceCv    | Noticed a death yak
 14081 | IceCv    | Killed a death yak
 14321 | IceCv    | Killed a death yak
 14322 | IceCv    | Reached skill level 10 in Fire Magic
 14346 | IceCv    | Noticed a death yak
 14356 | IceCv    | Killed a death yak
 14523 | IceCv    | Noticed a death yak
 14539 | IceCv    | Killed a death yak
 15003 | D:12     | Killed a five-headed hydra
 15360 | D:12     | Found a staircase to the Orcish Mines.
 15365 | D:12     | Reached skill level 18 in Spellcasting
 15375 | D:12     | Reached skill level 1 in Shields
 15610 | D:13     | Noticed a centaur warrior
 15624 | D:13     | Killed a centaur warrior
 15968 | D:13     | Reached XP level 13. HP: 53/74 MP: 37/37
 16138 | D:13     | Reached ***** piety under Vehumet
 16138 | D:13     | Offered knowledge of Lee's Rapid Deconstruction by Vehumet.
 16274 | D:13     | Found a shimmering altar of Xom.
 16333 | D:13     | Identified the +3 ring mail of Hubris {Fly rCorr Str+2
                  | Stlth+}
 16366 | D:13     | Shot with an arrow by a deep elf archer

Illustrated notes

Levels and vault maps discovered:
D:1:      dpeg_arrival_court, layout_basic
D:2:      layout_loops_ring
D:3:      layout_rooms, lightli_temple_of_fire,
          mainiacjoe_overflow_divided_tiny, hellmonk_ecumenical_altar_lost_god,
          chequers_serial_rivers_large_a, grunt_decor_cap, serial_bayou_pond_a
D:4:      layout_basic, nzn_hepliaklqana_mist_gate, gammafunk_ghost_icy,
          chequers_ossuary_entry_cave, dk_noncrumbling_3,
          hangedman_abyss_or_decor_jellyfish_corner
D:5:      layout_cave_pools, temple_doors_e, serial_shops,
          nicolae_shop_window_shopping, shop,
          nicolae_shop_temple_entry_statues_fountains, hangedman_decor_growths
D:6:      layout_basic, uniq_maggie
D:7:      layout_basic, grunt_gozag_statues, hellmonk_guarded_unrand_vines
D:8:      layout_loops_ring, amcnicky_altar_gilded,
          mainiacjoe_overflow_boulevard, dreamdust_wishing_well
D:9:      layout_gridville, grunt_dithmenos_smoke_and_mirrors,
          lemuel_coloured_pillars_altar, minmay_misc_feat_x
D:10:     layout_basic, kennysheep_okawaru_gauntlet, minmay_lair_entry_grove
D:11:     layout_basic
D:12:     layout_gridville, kennysheep_orc_monster_closet_entryway,
          portal_ice_cave_demonic_guard, minivault_19, uniq_lodul
D:13:     layout_loops_ring, hangedman_vaults_entry_quadrant_bands,
          minmay_misc_feat_roman, xom_teletrap_fun
Temple:   nicolae_temple_no_exploring_needed

Skill      XL: |  1  2  3  4  5  6  7  8  9 10 11 12 13 |
---------------+----------------------------------------+-----
Spellcasting   | 5 6 7 8 10 12 14 16 18 | 18.4
Fighting       | 1 2 3 4 6 |  6.0
Armour         | 1 3 4 5 |  5.0
Conjurations   | 2 3 4 5 7 8 9 10 11 | 11.0
Stealth        | 3 |  3.0
Dodging        | 3 |  3.0
Poison Magic   | 1 |  1.1
Fire Magic     | 1 2 3 5 6 7 9 10 | 10.7
Air Magic      | 1 |  1.0
Evocations     | 1 |  1.0
Necromancy     | 1 |  1.0
Shields        | 1 |  1.9
Summonings     | |  1.1
Translocations | |  1.1

Action                   |  1- 3 |  4- 6 |  7- 9 | 10-12 | 13-15 || total
-------------------------+-------+-------+-------+-------+-------++-------
Melee: Dagger            |     9 |       |       |       |       ||     9
 Fire: Sling             |     7 |    85 |   296 |   414 |     8 ||   810
 Cast: Magic Dart        |    80 |     9 |    49 |     5 |       ||   143
       Mephitic Cloud    |       |     4 |    18 |    57 |     3 ||    82
       Conjure Flame     |       |     6 |    33 |    36 |     1 ||    76
       Call Imp          |       |       |     7 |     6 |       ||    13
       Blink             |       |       |     6 |     2 |       ||     8
Evoke: Wand              |       |       |       |    10 |       ||    10
  Use: Scroll            |       |       |       |    10 |       ||    10
Armor: Robe              |     1 |       |       |       |       ||     1
       Leather armour    |       |    11 |    20 |    56 |       ||    87
Dodge: Dodged            |    14 |    40 |    72 |    69 |     4 ||   199
Block: Orb               |       |       |       |    16 |     1 ||    17
       Reflection        |       |       |       |     1 |       ||     1

Table legend: (Time is in decaauts)
 A = Elapsed time spent in this place.
 B = Non-inter-level travel time spent in this place.
 C = Inter-level travel time spent in this place.
 D = Time resting spent in this place.
 E = Time spent auto-exploring this place.
 F = Levels seen in this place.
 G = Mean time per level.
                   A        B        C        D        E       F      G
               +--------+--------+--------+--------+--------+-----+--------+
         Total |  16738 |  16050 |    688 |   1444 |  11503 |  16 | 1046.1 |
       Dungeon |  14595 |  13913 |    682 |   1033 |  10326 |  13 | 1122.7 |
        Temple |     15 |      9 |      6 |      0 |      0 |   1 |   15.0 |
       Ossuary |    682 |    682 |      0 |      0 |    525 |   1 |  682.0 |
      Ice Cave |   1444 |   1444 |      0 |    411 |    652 |   1 | 1444.0 |
               +--------+--------+--------+--------+--------+-----+--------+

Top non-repeatable levels by time:
     D:4: 2267 daAuts
    D:11: 1497 daAuts
   IceCv: 1444 daAuts
     D:6: 1378 daAuts
    D:12: 1243 daAuts
    D:10: 1231 daAuts
     D:7: 1059 daAuts
     D:1: 982 daAuts
     D:5: 946 daAuts
     D:9: 941 daAuts
     D:8: 927 daAuts
     D:3: 897 daAuts
     D:2: 737 daAuts
 Ossuary: 682 daAuts
    D:13: 485 daAuts
